 Dungeon Crawl Stone Soup version 0.24.0-125-gc4c63601f3 (webtiles) character file.

Game seed: 10829886311559301, levelgen mode: deterministic

69 Martska the Skirmisher (level 4, 34/37 HPs)
             Began as a Demonspawn Fighter on Feb 27, 2020.
             Quit the game on level 2 of the Dungeon.
             The game lasted 00:02:38 (1896 turns).

Martska the Skirmisher (Demonspawn Fighter)         Turns: 1896, Time: 00:02:39

Health: 34/37      AC:  6    Str: 17    XL:     4   Next: 2%
Magic:  4/4        EV:  7    Int:  9    God:
Gold:   108        SH:  9    Dex: 15    Spells: 3/3 levels left

rFire    . . .     SeeInvis .     - Unarmed
rCold    . . .     Gourm    .   b - +0 shield
rNeg     . . .     Faith    .   a - +0 scale mail
rPois    .         Spirit   .   (no helmet)
rElec    .         Reflect  .   (no cloak)
rCorr    .         Harm     .   (no gloves)
MR       .....                  (no boots)
Stlth    +.........             (no amulet)
HPRegen  0.12/turn              (no ring)
MPRegen  0.09/turn              (no ring)

@: no status effects
A: claws 1, thin skeletal structure 1, demonic guardian 1
a: no special abilities


You were on level 2 of the Dungeon.
You were not hungry.

You visited 1 branch of the dungeon, and saw 2 of its levels.

You collected 108 gold pieces.

Inventory:

Armour
 a - a +0 scale mail (worn)
 b - a +0 shield (worn)
Jewellery
 h - an uncursed amulet of the acrobat {unknown}
Scrolls
 e - 5 scrolls of remove curse {unknown}
 g - a scroll of enchant weapon {unknown}
 l - a scroll of noise {unknown}
 n - 3 scrolls of identify {unknown}
 p - 2 scrolls of blinking {unknown}
Potions
 c - a potion of might
 f - 2 potions of ambrosia {unknown}
 i - a potion of mutation {unknown}
 j - a potion of agility {unknown}
 k - 2 potions of curing {unknown}
 m - 2 potions of heal wounds {unknown}
 o - 4 potions of resistance {unknown}
Comestibles
 d - 3 rations


   Skills:
 * Level 3.6 Fighting
 + Level 3.0 Armour
 + Level 3.0 Shields
 * Level 2.7 Unarmed Combat


You had 3 spell levels left.
You didn't know any spells.
Your spell library was empty.

Dungeon Overview and Level Annotations

Branches:
Dungeon (2/15)

Altars:
Ashenzari


Innate Abilities, Weirdness & Mutations

You have sharp fingernails.
You have a somewhat thin skeletal structure. (Dex +2, Stealth)
A weak demonic guardian rushes to your aid.


Message History

The jackal bites you but does no damage.
You closely miss the jackal. The jackal barely misses you.
You closely miss the jackal. The jackal closely misses you.
The jackal bites you but does no damage.
You barely miss the jackal.
The jackal bites you but does no damage.
You scratch the jackal but do no damage.
The jackal closely misses you.
The jackal bites you but does no damage.
You scratch the jackal.
The jackal is lightly wounded.
The jackal barely misses you.
You scratch the jackal but do no damage.
The jackal is lightly wounded.
The jackal bites you but does no damage.
You claw the jackal!
You kill the jackal!
You see here a jackal corpse.
Sorry, you're not good enough to have a special ability.
Are you sure you want to abandon this character and quit the game? (Confirm with "yes".)

# #.# # #.#
#.# ##...##
#.#.#.#
#.....#
#.#.#.# #.@.#
##.## #.# #.#
#†# #.#
#######
#.####.....###
#............
#..#........


There were no monsters in sight!

Vanquished Creatures
  A gnoll (D:1)
  2 dart slugs
  4 leopard geckos
  6 bats
  2 giant cockroaches
  2 goblins (D:1)
  6 hobgoblins
  6 jackals (D:2)
  6 kobolds
  4 frilled lizards
  9 rats
48 creatures vanquished.

Notes
Turn   | Place    | Note
-------+----------+-------------------------------------------
     0 | D:1      | Martska the Demonspawn Fighter began the quest for the Orb.
     0 | D:1      | Reached XP level 1. HP: 18/18 MP: 1/1
   140 | D:1      | Gained mutation: You have sharp fingernails. [demonic
                  | ancestry]
   140 | D:1      | Reached XP level 2. HP: 15/24 MP: 2/2
   534 | D:1      | Gained mutation: You have a somewhat thin skeletal
                  | structure. (Dex +2, Stealth) [demonic ancestry]
   534 | D:1      | Reached XP level 3. HP: 12/29 MP: 3/3
  1847 | D:2      | Found a shattered altar of Ashenzari.
  1882 | D:2      | Gained mutation: A weak demonic guardian rushes to your
                  | aid. [demonic ancestry]
  1882 | D:2      | Reached XP level 4. HP: 35/37 MP: 4/4
  1896 | D:2      | Quit the game

Levels and vault maps discovered:
D:1:      psy_arrival_radial01, layout_loops_ring, minivault_14,
          hangedman_abyss_or_decor_stabs, item_on_display_a
D:2:      layout_loops_ring, ashenzari_conservatory_becter, first_ration,
          chequers_jeans, minmay_crystal_water

Skill      XL: |  1  2  3 |
---------------+----------+-----
Unarmed Combat | 2 |  2.7
Armour         | 3 |  3.0
Shields        | 3 |  3.0
Fighting       | |  3.6

Action                   |  1- 3 |  4- 6 || total
-------------------------+-------+-------++-------
Melee: Unarmed           |   184 |     8 ||   192
  Eat: Ration            |     1 |       ||     1
       Chunk             |     1 |       ||     1
Armor: Scale mail        |    82 |     5 ||    87
Dodge: Dodged            |    56 |     4 ||    60
Block: Shield            |    77 |       ||    77
